 Dungeon Crawl Stone Soup version 0.28.0-53-g5a82cb258f (webtiles) character file.

Game seed: 16479789366771564766

193 issech the Chopper (level 5, -6/47 HPs)
             Began as a Minotaur Monk on May 26, 2022.
             Mangled by a kobold brigand
             ... wielding a +0 whip
              (7 damage)
             ... in a sewer.
             The game lasted 00:09:33 (2517 turns).

issech the Chopper (Minotaur Monk)                  Turns: 2517, Time: 00:09:34

Health: -6/47      AC:  5    Str: 16    XL:     5   Next: 44%
Magic:  4/4        EV: 12    Int:  7    God:
Gold:   56         SH:  0    Dex: 14    Spells: 4/4 levels left

rFire   . . .      SeeInvis .   a - +0 hand axe
rCold   . . .      Faith    .   (no shield)
rNeg    . . .      Spirit   .   e - +0 ring mail
rPois   .          Reflect  .   (helmet restricted)
rElec   .          Harm     .   (no cloak)
rCorr   .          Rampage  .   (no gloves)
Will    .....                   (no boots)
Stlth   +.........              (no amulet)
HPRegen 0.15/turn               (no ring)
MPRegen 0.09/turn               (no ring)

@: no status effects
A: horns 2, retaliatory headbutt
a: no special abilities


You were in a sewer.
You visited 1 branch of the dungeon, and saw 3 of its levels.
You also visited: Sewer.

You collected 56 gold pieces.

Inventory:

Hand Weapons
 a - a +0 hand axe (weapon)
 q - a +0 hand axe
 u - a +0 short sword
 v - a +0 dagger
 w - a +0 club
 y - a +0 dagger
 C - a +0 dagger
 F - a +0 dagger
 G - a +0 hand crossbow
Missiles
 d - 68 stones
 j - 25 arrows
 n - 3 boomerangs (quivered)
 A - 6 poisoned darts
 E - 18 bolts
Armour
 b - a +0 robe
 e - a +0 ring mail (worn)
 i - a +0 leather armour
 m - a +0 robe
 x - a scarf of invisibility
Jewellery
 f - a +4 ring of protection
Scrolls
 c - a scroll of enchant weapon {unknown}
 k - 2 scrolls of teleportation {unknown}
 l - a scroll of blinking {unknown}
 p - a scroll of enchant armour {unknown}
 s - a scroll of identify {unknown}
 z - a scroll of fear {unknown}
 B - a scroll of summoning {unknown}
Potions
 g - a potion of cancellation {unknown}
 h - 2 potions of might {unknown}
 o - 3 potions of ambrosia {unknown}
 r - 2 potions of heal wounds {unknown}
 t - a potion of curing {unknown}
 D - a potion of flight {unknown}
 H - a potion of haste {unknown}


   Skills:
 + Level 4.6 Fighting
 + Level 5.1 Axes
 + Level 2.7 Armour
 + Level 4.3 Dodging
 + Level 1.7 Stealth


You had 4 spell levels left.
You didn't know any spells.
Your spell library was empty.

Dungeon Overview and Level Annotations

Branches:
Dungeon (3/15)              Sewer (1/1)

Altars:
The Shining One

Shops:
D:2 *


Innate Abilities, Weirdness & Mutations

You have a pair of horns on your head.
You reflexively headbutt those who attack you in melee.


Message History

You feel sick. The kobold brigand misses you.
Things that are here:
a +0 dagger; a curare-tipped dart You hit the kobold brigand.
You headbutt the kobold brigand.
The kobold brigand is moderately wounded.
You feel sick.
The kobold brigand hits you with a +0 whip.
The kobold brigand closely misses you.
You hit the kobold brigand but do no damage.
The kobold brigand is moderately wounded.
You feel sick.
The kobold brigand hits you with a +0 whip.
* * * LOW HITPOINT WARNING * * *
You barely miss the kobold brigand.
The kobold brigand is moderately wounded.
You feel sick.
You are no longer poisoned.
The kobold brigand barely misses you. x2
You hit the kobold brigand but do no damage.
The kobold brigand is moderately wounded.
The kobold brigand barely misses you. The kobold brigand closely misses you.
You hit the kobold brigand.
The kobold brigand is moderately wounded.
The kobold brigand hits you but does no damage.
You miss the kobold brigand.
The kobold brigand is moderately wounded.
The kobold brigand hits you with a +0 whip.
* * * LOW HITPOINT WARNING * * *
The kobold brigand hits you with a +0 whip.
* * * LOW HITPOINT WARNING * * *
You hit the kobold brigand but do no damage.
The kobold brigand is moderately wounded.
The kobold brigand barely misses you.
You hit the kobold brigand.
The kobold brigand is heavily wounded.
You feel yourself speed up.
The kobold brigand hits you with a +0 whip.
* * * LOW HITPOINT WARNING * * *
The kobold brigand hits you with a +0 whip!
You die...

#### ##..# ##...#
≈.≈ .!.. .≈≈ #.!.
... ..# #≈# #K# #≈#
#@# #≈# #.# ##≈##
##.## # ##...##
##...##
#####..≈..####.≈...#
≈≈≈≈≈≈.≈≈≈≈≈≈≈≈≈...#
#####....≈####..≈..#
# ##.≈.## ##..≈##
##≈## ##†##


You could see a kobold brigand.

Vanquished Creatures
  A kobold brigand (Sewer)
  3 adders
  3 river rats
  4 worms (Sewer)
  A dart slug (D:2)
  3 ball pythons
  3 bats
  6 endoplasms
  3 giant cockroaches
  3 goblins
  3 hobgoblins
  9 jackals
  5 kobolds
  4 quokkas
  2 frilled lizards
  3 rats
56 creatures vanquished.

Notes
Turn   | Place    | Note
-------+----------+-------------------------------------------
     0 | D:1      | issech the Minotaur Monk began the quest for the Orb.
     0 | D:1      | Reached XP level 1. HP: 19/19 MP: 0/0
   264 | D:1      | Reached XP level 2. HP: 25/27 MP: 1/1
   979 | D:2      | Reached skill level 4 in Axes
  1070 | D:2      | Found Qeokh's General Store.
  1099 | D:2      | Reached XP level 3. HP: 26/33 MP: 2/2
  1370 | D:2      | Found a glowing golden altar of the Shining One.
  1678 | D:3      | Reached XP level 4. HP: 38/41 MP: 3/3
  1683 | D:3      | Found a glowing drain.
  1687 | Sewer    | Entered a sewer
  1698 | Sewer    | Reached skill level 1 in Armour
  2498 | Sewer    | Noticed a kobold brigand
  2498 | Sewer    | Noticed a kobold brigand
  2508 | Sewer    | Killed a kobold brigand
  2509 | Sewer    | Reached skill level 5 in Axes
  2509 | Sewer    | Reached XP level 5. HP: 21/47 MP: 4/4
  2517 | Sewer    | HP: 1/47 [kobold brigand/+0 whip (5)]
  2517 | Sewer    | Mangled by a kobold brigand

Illustrated notes

Levels and vault maps discovered:
D:1:      dpeg_arrival_stone_temple_mockup, layout_loops_cross,
          minmay_misc_feat_cross
D:2:      layout_rooms, basic_altar, serial_rivers,
          chequers_serial_rivers_small_3, chequers_serial_rivers_micro_c,
          chequers_serial_rivers_large_a, chequers_serial_rivers_micro_a,
          chequers_serial_rivers_small_3, serial_shops, nicolae_shop_trees,
          minmay_liquid_box
D:3:      layout_basic, nicolae_overflow_squiral, gup_sewer_entry_bowl
Sewer:    sewer_co_15_rooms

Skill      XL: |  1  2  3  4 |
---------------+-------------+-----
Fighting       | 4 |  4.6
Axes           | 4 5 |  5.1
Dodging        | 4 |  4.3
Armour         | 2 |  2.7
Stealth        | |  1.7

Action                   |  1- 3 |  4- 6 || total
-------------------------+-------+-------++-------
Melee: Hand axe          |    83 |    92 ||   175
       Headbutt          |    11 |    10 ||    21
       Punch             |       |     2 ||     2
 Stab: Sleeping          |     1 |       ||     1
Armor: Ring mail         |    46 |    16 ||    62
Dodge: Dodged            |    61 |    38 ||    99
